 Dungeon Crawl Stone Soup version 0.30-a0-568-g124715a40b (webtiles) character file.

Game seed: 15491652968125495820

50 bmack86 the Covered (level 3, 0/33 HPs)
             Began as a Minotaur Fighter on Dec 29, 2022.
             Shot with an arrow by a centaur (11 damage)
             ... on level 3 of the Dungeon.
             The game lasted 00:08:00 (2211 turns).

bmack86 the Covered (Minotaur Fighter)              Turns: 2211, Time: 00:08:00

Health: 0/33       AC: 11    Str: 22    XL:     3   Next: 55%
Magic:  2/2        EV:  4    Int:  5    God:
Gold:   31         SH:  8    Dex:  9    Spells: 2/2 levels left

rFire   + . .      SeeInvis .    a - +0 war axe
rCold   x . .      Faith    .    u - +0 kite shield
rNeg    . . .      Spirit   .    k - +0 plate armour
rPois   .          Reflect  .    (helmet restricted)
rElec   .          Harm     .    (no cloak)
rCorr   .          Rampage  .    (no gloves)
Will    .....                    (no boots) Stlth
                                 (no amulet)
HPRegen 0.25/turn                m - ring of fire
MPRegen 0.08/turn                (no ring)

@: no status effects
A: horns 2, retaliatory headbutt
a: no special abilities


You were on level 3 of the Dungeon.
You visited 1 branch of the dungeon, and saw 3 of its levels.

You collected 31 gold pieces.

Inventory:

Hand Weapons
 a - a +0 war axe (weapon)
Missiles
 n - 3 javelins (quivered)
Armour
 k - a +0 plate armour (worn)
 u - a +0 kite shield (worn)
Jewellery
 m - a ring of fire (left hand)
Scrolls
 e - a scroll of teleportation {unknown}
 j - a scroll of immolation {unknown}
 o - a scroll of blinking
 q - a scroll of fog {unknown}
 t - a scroll of magic mapping {unknown}
Potions
 d - a potion of might
 f - a potion of invisibility {unknown}
 g - 5 potions of curing
 h - a potion of degeneration {unknown}
 i - 4 potions of heal wounds {unknown}
 l - 2 potions of lignification
 p - a potion of haste {unknown}
 r - a potion of flight {unknown}
 s - a potion of ambrosia {unknown}


   Skills:
 + Level 4.1 Fighting
 * Level 3.5 Axes
 + Level 0.2 Throwing
 + Level 4.1 Armour
 + Level 4.0 Shields


You had 2 spell levels left.
You didn't know any spells.
Your spell library contained the following spells:

 Spells                   Type           Power      Damage    Failure   Level
 Magic Dart               Conj           0%         1d3       100%        1
 Sandblast                Erth           0%         2d4       100%        1
 Passwall                 Tmut/Erth      0%         N/A       100%        2
 Searing Ray              Conj           0%         2d4       100%        2
 Stone Arrow              Conj/Erth      0%         3d7       100%        3


Dungeon Overview and Level Annotations

Branches:
Dungeon (3/15)

Altars:
Ru
Zin

Shops:
D:3 =


Innate Abilities, Weirdness & Mutations

You have a pair of horns on your head.
You reflexively headbutt those who attack you in melee.


Message History

You drop a +0 scale mail.
You drop a +0 buckler.
Okay, then.
A kobold comes into view. It is wielding a +0 whip.
The kobold shouts!
The kobold throws a stone.
You block the stone.
The kobold throws a stone.
You block the stone.
You see here 2 metallic inky potions.
You slash the kobold!
You kill the kobold!
Things that are here:
a +0 whip; 4 stones
i - 4 metallic inky potions (gained 2)
An endoplasm comes into view.
The endoplasm quivers.
The endoplasm moves out of view.
Found Guuluzat's Jewellery Emporium.
You see here a +0 club.
You block the endoplasm's attack.
You slash the endoplasm!
You kill the endoplasm!
There is an entrance to Guuluzat's Jewellery Emporium here.
A hobgoblin comes into view.
The hobgoblin shouts!
You block the hobgoblin's attack. You block the hobgoblin's attack.
You slash the hobgoblin!
You kill the hobgoblin!
You pick up a book of Geomancy and begin reading...
You add the spells Sandblast, Passwall and Stone Arrow to your library.
A centaur comes into view.
The centaur shouts!
The centaur wields a +0 shortbow.
The centaur shoots an arrow.
The arrow hits you!
The centaur shoots an arrow.
The arrow hits you!
The centaur shoots an arrow.
The arrow hits you.
The centaur shoots an arrow.
You block the arrow.
The centaur shoots an arrow.
You block the arrow.
The centaur shoots an arrow.
The arrow hits you!
You die...

....#.#....# #.##.....#.#.
..#.#.#.#### #>######.###.
.##.#.#.# #.# #<..... .##.....#
#.#####..#### #####.###
#............ #####.#
##########..#.## ......#
................
##############################.##
................@.c..... ..>..
######################## ###.## #
..# # ### #


You could see a centaur.

Vanquished Creatures
  A worm (D:2)
  7 endoplasms
  A giant cockroach (D:1)
  A goblin (D:2)
  3 hobgoblins
  4 jackals (D:1)
  2 kobolds
  5 quokkas
  4 ball pythons
  6 bats
  2 frilled lizards (D:1)
  2 rats
  A spectral kobold (D:1)
39 creatures vanquished.

Notes
Turn   | Place    | Note
-------+----------+-------------------------------------------
     0 | D:1      | bmack86 the Minotaur Fighter began the quest for the Orb.
     0 | D:1      | Reached XP level 1. HP: 19/19 MP: 0/0
   225 | D:1      | Reached XP level 2. HP: 27/27 MP: 1/1
   341 | D:1      | Found a faded altar of an unknown god.
   724 | D:1      | Reached XP level 3. HP: 33/33 MP: 2/2
  1374 | D:2      | Found a sacrificial altar of Ru.
  1721 | D:2      | Got the Disquisition on Confrontation
  2122 | D:3      | Found a glowing silver altar of Zin.
  2177 | D:3      | Found Guuluzat's Jewellery Emporium.
  2207 | D:3      | Noticed a centaur
  2211 | D:3      | Shot with an arrow by a centaur

Illustrated notes

Levels and vault maps discovered:
D:1:      dpeg_arrival_tiny_a, layout_basic,
          dreamdust_ecumenical_altar_drowned_temple
D:2:      layout_basic, basic_altar
D:3:      layout_basic, old_standard_altar, mainiacjoe_overflow_six_doors_small,
          serial_shops, nicolae_shop_crystal

Skill      XL: |  1  2  3 |
---------------+----------+-----
Axes           | 3 |  3.5
Armour         | 4 |  4.1
Shields        | 4 |  4.0
Fighting       | 4 |  4.1
Throwing       | |  0.2

Action                   || total
-------------------------++-------
Melee: War axe           ||    56
       Headbutt          ||    11
Throw: Dart              ||    11
       Javelin           ||     2
  Use: Scroll            ||     5
Armor: Scale mail        ||    32
Dodge: Dodged            ||    27
Block: Buckler           ||    19
       Kite shield       ||     7

Table legend: (Time is in decaauts)
 A = Elapsed time spent in this place.
 B = Non-inter-level travel time spent in this place.
 C = Inter-level travel time spent in this place.
 D = Time resting spent in this place.
 E = Time spent auto-exploring this place.
 F = Levels seen in this place.
 G = Mean time per level.
                   A        B        C        D        E       F      G
               +--------+--------+--------+--------+--------+-----+--------+
         Total |   2240 |   2221 |     19 |      0 |   1643 |   3 |  746.7 |
       Dungeon |   2240 |   2221 |     19 |      0 |   1643 |   3 |  746.7 |
               +--------+--------+--------+--------+--------+-----+--------+

Top non-repeatable levels by time:
     D:1: 1190 daAuts
     D:2: 857 daAuts
     D:3: 192 daAuts
